 Dungeon Crawl Stone Soup version 0.27.1-34-g3ba077fa99 (webtiles) character file.

Game seed: 2025333222042372128

595 Arum the Shield-Bearer (level 7, -1/56 HPs)
             Began as a Formicid Fighter on Jan 9, 2022.
             Was an Initiate of Okawaru.
             Slain by a green ugly thing (3 damage)
             ... on level 7 of the Dungeon.
             The game lasted 00:04:29 (3406 turns).

Arum the Shield-Bearer (Formicid Fighter)           Turns: 3406, Time: 00:04:30

Health: -1/56      AC:  6    Str: 22    XL:     7   Next: 67%
Magic:  7/7        EV:  8    Int:  8    God:    Okawaru [......]
Gold:   165        SH: 11    Dex: 10    Spells: 6/6 levels left

rFire    . . .     SeeInvis +   a - +0 quarterstaff (spect)
rCold    . . .     Faith    .   c - +1 kite shield
rNeg     . . .     Spirit   .   b - +0 scale mail
rPois    .         Reflect  .   (helmet unavailable)
rElec    .         Harm     .   (no cloak)
rCorr    .         Rampage  .   (no gloves)
Will     .....                  (no boots)
Stlth    ..........             (no amulet)
HPRegen  0.18/turn              (no ring)
MPRegen  0.10/turn              (no ring)

@: no status effects
A: permanent stasis, dig shafts and tunnels, antennae 3, four strong arms
a: Dig, Shaft Self, Renounce Religion


You were on level 7 of the Dungeon.
You worshipped Okawaru.
Okawaru was noncommittal.
You visited 1 branch of the dungeon, and saw 5 of its levels.

You collected 165 gold pieces.

Inventory:

Hand Weapons
 a - a +0 spectral quarterstaff (weapon)
 j - a +2 vampiric whip
Armour
 b - a +0 scale mail (worn)
 c - a +1 kite shield (worn)
Jewellery
 g - a +4 ring of evasion
Potions
 f - 3 potions of magic


   Skills:
 + Level 5.6 Fighting
 - Level 2.1(3.6) Maces & Flails
 + Level 4.5(4.7) Staves
 - Level 3.2 Armour
 + Level 6.3 Shields


You had 6 spell levels left.
You didn't know any spells.
Your spell library contained the following spells:

 Spells                   Type           Power      Damage    Failure   Level
 Pain                     Necr           0%         1d4       89%         1
 Agony                    Necr           0%         N/A       100%        5
 Excruciating Wounds      Necr           0%         N/A       100%        5


Dungeon Overview and Level Annotations

Branches:
Dungeon (4/15)
 Temple: D:4-7

Altars:
Dithmenos
Nemelex Xobeh
Okawaru


Innate Abilities, Weirdness & Mutations

You cannot be hasted, slowed, berserked, paralysed or teleported.
You can dig through walls and to a lower floor.
You have a pair of large antennae on your head. (SInv)
Your four strong arms can wield two-handed weapons with a shield.


Message History

You retract your mandibles.
You hit the bullfrog.
The bullfrog is moderately wounded.
You block the bullfrog's attack. x2
You closely miss the bullfrog.
The bullfrog is moderately wounded.
You block the bullfrog's attack.
You hit the bullfrog.
The bullfrog is moderately wounded.
The bullfrog barely misses you. x2
You closely miss the bullfrog.
The bullfrog is moderately wounded.
You block the bullfrog's attack. The bullfrog hits you.
* * * LOW HITPOINT WARNING * * *
You extend your mandibles.
You dig through the rock wall.
The bullfrog hits you.
* * * LOW HITPOINT WARNING * * *
You retract your mandibles.
Unknown command.
As you read the scroll labelled HORGHI OKEPHINI, it crumbles to dust.
You speak a Word of immense power!
It was a scroll of holy word.
The bullfrog hits you but does no damage.
You closely miss the bullfrog.
The bullfrog is moderately wounded.
The bullfrog barely misses you.
The bullfrog hits you but does no damage.
You sock the bullfrog!
The bullfrog is almost dead.
The bullfrog hits you but does no damage.
The bullfrog hits you.
* * * LOW HITPOINT WARNING * * *
You thump the bullfrog!
You kill the bullfrog!
Okawaru accepts your kill.
You hit the green ugly thing.
The green ugly thing is lightly wounded.
The green ugly thing barely misses you.
Your shield and scale mail prevent you from hitting the green ugly thing.
The green ugly thing is lightly wounded.
The green ugly thing headbutts you.
You die...

#.# #.# #.# #.#
#.# ##.# ######..#
....##.## ###
.##.#..#### #@#
..........# ##u#
###._.###.# #D##
..#...# . # ##o#
#.##.## #. ##{#.#
#.....
#.####.###..
####.####.....Z.#
###
..........#.####.#
####F####.#.# ##


You could see a four-headed hydra and a green ugly thing.

Vanquished Creatures
  An ice beast (D:7)
  A black bear (D:7)
  A necrophage (D:4)
  A bullfrog (D:7)
  A vampire bat (D:3)
  An iguana (D:7)
  4 adders
  A white imp (D:7)
  3 worms
  A dart slug (D:3)
  3 fire bats (D:3)
  2 orcs
  2 spectral bats (D:3)
  3 bat skeletons (D:3)
  A bat zombie (D:3)
  An endoplasm (D:2)
  3 giant cockroaches
  6 goblins
  5 hobgoblins
  6 jackals
  4 quokkas
  5 ball pythons
  14 bats
  A bat simulacrum (D:3)
  2 frilled lizards
  9 kobolds
  2 rats
84 creatures vanquished.

Notes
Turn   | Place    | Note
-------+----------+-------------------------------------------
     0 | D:1      | Arum the Formicid Fighter began the quest for the Orb.
     0 | D:1      | Reached XP level 1. HP: 18/18 MP: 1/1
   170 | D:1      | Reached XP level 2. HP: 19/24 MP: 2/2
   442 | D:1      | Reached skill level 4 in Shields
   815 | D:1      | Reached XP level 3. HP: 30/30 MP: 3/3
  1575 | D:2      | Reached XP level 4. HP: 37/37 MP: 4/4
  1906 | D:3      | Reached skill level 1 in Maces & Flails
  2233 | D:3      | Reached XP level 5. HP: 41/42 MP: 5/5
  2305 | D:3      | Reached skill level 5 in Shields
  2305 | D:3      | Reached XP level 6. HP: 39/49 MP: 6/6
  2871 | D:3      | Found a faded altar of an unknown god.
  3022 | D:4      | Noticed a necrophage
  3026 | D:4      | Killed a necrophage
  3050 | D:4      | Found a sparkling altar of Nemelex Xobeh.
  3289 | D:4      | You fall into a shaft and drop 3 floors!
  3318 | D:7      | Found a shadowy altar of Dithmenos.
  3333 | D:7      | Reached skill level 5 in Fighting
  3339 | D:7      | Noticed a black bear
  3342 | D:7      | Noticed an ice beast
  3345 | D:7      | Killed a black bear
  3346 | D:7      | Reached XP level 7. HP: 51/56 MP: 7/7
  3350 | D:7      | Reached skill level 6 in Shields
  3356 | D:7      | Found an iron altar of Okawaru.
  3360 | D:7      | Noticed a green ugly thing
  3361 | D:7      | Noticed a cyclops
  3362 | D:7      | Noticed a four-headed hydra
  3373 | D:7      | Noticed a troll
  3375 | D:7      | Became a worshipper of Warmaster Okawaru
  3403 | D:7      | HP: 1/56 [bullfrog (5)]
  3406 | D:7      | Slain by a green ugly thing

Illustrated notes

Levels and vault maps discovered:
D:1:      saegor_arrival_simple_c, layout_loops_corners, st_stairs_13,
          kennysheep_minor_cross, hangedman_decor_push, minmay_circled_x
D:2:      layout_loops_ring
D:3:      layout_basic, ebering_ecumenical_altar_hall, goddamned_bats
D:4:      layout_basic, mainiacjoe_overflow_concentric_impassable
D:7:      minmay_the_grid_square_5x5_3x3 [minmay_the_grid_square_5x5_empty,
          minmay_the_grid_square_5x5_inner_i,
          minmay_the_grid_square_5x5_tetrominoes,
          minmay_the_grid_square_5x5_fancy_junction,
          minmay_the_grid_square_5x5_megaprize_diamond,
          minmay_the_grid_square_5x5_inset, minmay_the_grid_square_5x5_corner,
          minmay_the_grid_square_5x5_hourglass,
          minmay_the_grid_square_5x5_plus], layout_loops_cross,
          nicolae_overflow_crystal_walls, mainiacjoe_overflow_large_starburst

Skill      XL: |  1  2  3  4  5  6  7 |
---------------+----------------------+-----
Shields        | 4 5 6 |  6.3
Fighting       | 4 5 |  5.6
Maces & Flails | 1 2 |  2.1
Staves         | 3 4 |  4.5
Armour         | |  3.2

Action                   |  1- 3 |  4- 6 |  7- 9 || total
-------------------------+-------+-------+-------++-------
Melee: Quarterstaff      |    87 |     9 |    16 ||   112
       Whip              |    21 |   154 |       ||   175
 Abil: Dig               |     3 |       |     3 ||     6
  Use: Scroll            |       |     8 |     2 ||    10
       Potion            |       |     1 |     2 ||     3
 Stab: Distracted        |       |     1 |       ||     1
Armor: Scale mail        |    44 |    94 |     5 ||   143
Dodge: Dodged            |    32 |    83 |     7 ||   122
Block: Kite shield       |    47 |   125 |    13 ||   185
